 Dungeon Crawl Stone Soup version 0.17-a0-1404-gb8113a6 (webtiles) character file.

97 bal the Chopper (level 4, -7/34 HPs)
             Began as a Demonspawn Gladiator on June 21, 2015.
             Mangled by an ogre
             ... wielding a +0 giant club
              (23 damage)
             ... on level 4 of the Dungeon.
             The game lasted 00:04:36 (1934 turns).

bal the Chopper (Demonspawn Gladiator)              Turns: 1934, Time: 00:04:36

Health: -7/34      AC:  5    Str: 17    XL:     4   Next: 42%
Magic:  4/4        EV: 13    Int:  9    God:
Gold:   144        SH:  0    Dex: 13    Spells: 0 memorised, 3 levels left

rFire  . . .     SeeInvis .     a - +0 war axe
rCold  . . .     Clarity  .     b - +0 leather armour
rNeg   . . .     SustAt   .     (no shield)
rPois  .         Gourm    .     c - +0 helmet
rElec  .         Spirit   .     (no cloak)
rCorr  .         Warding  .     (no gloves)
rMut   .         Stasis   .     q - +0 pair of boots
MR     .....                    (no amulet)
Stlth  +.........               (no ring)
                                (no ring)

@: not resistant to hostile enchantments, very unstealthy
A: powered by death 2
a: no special abilities


You were on level 4 of the Dungeon.
You were not hungry.

You visited 1 branch of the dungeon, and saw 4 of its levels.

You collected 144 gold pieces.

Inventory:

Hand weapons
 a - a +0 war axe (weapon)
Missiles
 d - 3 throwing nets (quivered)
 l - 17 sling bullets
Armour
 b - a +0 leather armour (worn)
 c - a +0 helmet (worn)
 q - a +0 pair of boots (worn)
Scrolls
 f - 3 scrolls of teleportation {unknown}
 g - a scroll of blinking {unknown}
 i - a scroll of fog {unknown}
 n - 2 scrolls of identify {unknown}
 o - a scroll of amnesia {unknown}
Potions
 j - a potion of magic {unknown}
 k - 2 potions of curing {unknown}
 m - a potion of haste {unknown}
Books
 h - a book of Power

   Spells                             Type                      Level
   a - Fulminant Prism                Conjuration/Hexes            4
   b - Iskenderun's Mystic Blast      Conjuration                  4
   c - Venom Bolt                     Conjuration/Poison           5
   d - Bolt of Magma                  Conjuration/Fire/Earth       5
   e - Iron Shot                      Conjuration/Earth            6
   f - Orb of Destruction             Conjuration                  7
   g - Spellforged Servitor           Conjuration/Summoning        7
Comestibles
 e - 3 bread rations
 p - a chunk of flesh


   Skills:
 + Level 2.4 Fighting
 + Level 3.5 Axes
 + Level 1.8 Throwing
 + Level 1.2 Armour
 + Level 3.4 Dodging
 + Level 0.4 Stealth


You had 3 spell levels left.
You didn't know any spells.

Dungeon Overview and Level Annotations

Branches:
Dungeon (4/15)
 Temple: D:4-7

Altars:
Cheibriados
Fedhas
Sif Muna
Vehumet
Xom
Yredelemnul


Innate Abilities, Weirdness & Mutations

You regenerate health from kills.


Message History

You barely miss the ogre.
The ogre is lightly wounded.
The ogre misses you.
You hit the ogre.
The ogre is moderately wounded.
The ogre barely misses you.
You slash the ogre!
The ogre is heavily wounded.
The ogre hits you with a giant club!
You hit the ogre.
The ogre is severely wounded.
The ogre misses you.
You barely miss the ogre.
The ogre is severely wounded.
The ogre hits you with a giant club.
You hit the ogre.
The ogre is severely wounded.
The ogre hits you with a giant club!!
Ouch! That really hurt!
You die...

........#[.....#
#.........#
#.###..(..# #.#
#.....#
#.###.....#
#..###...## ##.#
#.### #.# #O##
#.###@.#
#..###.# ##.#
#.# #.###.#####
#.........##
##†.<.†....#
#.........#
#.........#
#.........#


You could see an ogre.

Vanquished Creatures
  4 adders
  2 worms (D:2)
  4 giant geckos
  An orc (D:3)
  A ball python (D:4)
  4 giant cockroaches
  4 goblins
  8 hobgoblins
  A quokka (D:2)
  7 bats
  10 giant newts
  6 kobolds (D:1)
  5 rats
57 creatures vanquished.

Notes
Turn   | Place    | Note
--------------------------------------------------------------
     0 | D:1      | bal the Demonspawn Gladiator began the quest for the Orb.
     0 | D:1      | Reached XP level 1. HP: 16/16 MP: 1/1
   116 | D:1      | Gained mutation: You regenerate a little health from kills. [demonic ancestry]
   116 | D:1      | Reached XP level 2. HP: 11/22 MP: 2/2
   255 | D:1      | Reached skill level 3 in Axes
   709 | D:2      | Gained mutation: You regenerate health from kills. [demonic ancestry]
   709 | D:2      | Reached XP level 3. HP: 27/27 MP: 3/3
   956 | D:2      | Reached skill level 1 in Armour
  1068 | D:2      | Found a shimmering altar of Xom.
  1071 | D:2      | Found a blossoming altar of Fedhas.
  1074 | D:2      | Found a basalt altar of Yredelemnul.
  1081 | D:2      | Found a radiant altar of Vehumet.
  1081 | D:2      | Found a snail-covered altar of Cheibriados.
  1353 | D:3      | Found a deep blue altar of Sif Muna.
  1370 | D:3      | Reached XP level 4. HP: 30/33 MP: 4/4
  1910 | D:4      | Noticed an ogre
  1934 | D:4      | Mangled by an ogre

Vault maps used:
D:1:      dpeg_arrival_radiant
D:2:      minmay_overflow_temple_star_hex
D:3:      nicolae_overflow_crystal_walls, minivault_19, serial_bayou_pond_d
D:4:      corexii_shack_village, elyvilon_altar_1, uniq_blork_the_orc

Action                   |  1- 3 |  4- 6 || total
-------------------------+-------+-------++-------
Melee: War axe           |   141 |    61 ||   202
 Stab: Sleeping          |     2 |       ||     2
  Eat: Beef jerky        |     1 |       ||     1
       Fruit             |       |     1 ||     1
       Pizza             |       |     1 ||     1
